 Dungeon Crawl Stone Soup version 0.21.1-1-g345015f (webtiles) character file.

90 Mgcat the Insei (level 4, -6/29 HPs)
             Began as an Octopode Transmuter on Mar 23, 2018.
             Was an Initiate of the Shining One.
             Mangled by an orc
             ... wielding a +0 mace
              (10 damage)
             ... on level 2 of the Dungeon.
             The game lasted 00:05:48 (2146 turns).

Mgcat the Insei (Octopode Transmuter)               Turns: 2146, Time: 00:05:49

Health: -6/29      AC:  1    Str:  9    XL:     4   Next: 56%
Magic:  5/7        EV: 13    Int: 16    God:    the Shining One [......]
Gold:   83         SH:  0    Dex: 12    Spells: 4/7 levels left

rFire    . . .     SeeInvis .     - Unarmed
rCold    . . .     Gourm    .   (no shield)
rNeg     . . .     Faith    .   (helmet restricted)
rPois    .         Spirit   .   (no amulet)
rElec    .         Reflect  .   (no ring)
rCorr    .         Harm     .   (no ring)
MR       .....                  (no ring)
Stlth    ++........             (no ring)
HPRegen  0.09/turn              (no ring)
MPRegen  0.10/turn              (no ring)
                                (no ring)
                                (no ring)

@: glowing
A: almost no armour, stealthy swim, amphibious, 8 rings, constrict 8, camouflage
1, gelatinous body 1
a: Renounce Religion


You were on level 2 of the Dungeon.
You worshipped the Shining One.
The Shining One was noncommittal.
You were not hungry.

You visited 1 branch of the dungeon, and saw 3 of its levels.

You collected 83 gold pieces.

Inventory:

Hand Weapons
 a - a +0 hunting sling
   (You found it on level 1 of the Dungeon)
Missiles
 g - 11 arrows
 h - 17 sling bullets
 i - 63 stones (quivered)
Magical Staves
 m - an uncursed staff of power {MP+17, !a}
   (You found it on level 2 of the Dungeon)
Scrolls
 e - 4 scrolls of remove curse {unknown}
 l - a scroll of teleportation {unknown}
Potions
 f - a potion of degeneration {unknown}
 k - a potion of haste {unknown}
Books
 b - a book of Changes
Comestibles
 c - 4 rations


   Skills:
 + Level 2.2 Fighting
 - Level 2.0 Dodging
 + Level 2.6 Stealth
 + Level 3.6 Unarmed Combat
 - Level 2.0 Spellcasting
 + Level 2.8 Transmutations


You had 4 spell levels left.
You knew the following spells:

 Your Spells              Type           Power        Failure   Level  Hunger
a - Beastly Appendage     Tmut           ##....       6%          1    #......
b - Sticks to Snakes      Tmut           ##......     10%         2    ###....


Dungeon Overview and Level Annotations

Branches:
Dungeon (3/15)

Altars:
Kikubaaqudgha
The Shining One

Annotations:
D:3 soepske's ghost, amateur DsBe


Innate Abilities, Weirdness & Mutations

You cannot wear most types of armour.
You are very stealthy in the water. (Stealth+)
You are amphibious.
You can wear up to eight rings at the same time.
You can use your tentacles to constrict eight enemies at once.
Your skin changes colour to match your surroundings (Stealth+).
Your rubbery body absorbs attacks. (AC +1, EV +1)


Message History

It was a potion of heal wounds.
You feel much better.
You feel sick. The orc misses you.
You tentacle-slap the orc but do no damage.
Your grab misses the orc.
You feel sick.
The orc hits you with a dagger of venom.
You are more poisoned.
You tentacle-slap the orc. Your grab misses the orc.
You pierce the orc, but do no damage.
The orc is severely wounded.
You feel sick.
The orc hits you with a dagger of venom.
You are more poisoned.
You tentacle-slap the orc.
You kill the orc!
You feel sick.
You tentacle-slap the orc. Your grab misses the orc.
You kill the orc!
You feel sick.
You feel much better.
You feel sick.
Some of the chunks of flesh in your inventory have rotted away.
Your transformation is almost over.
You feel sick.
Things that are here:
a leather armour; a dagger of venom Done exploring.
Done exploring.
Done exploring.
Done exploring.
Done exploring.
You start resting.
You feel sick.
You start resting.
Magic restored.
You feel sick.
You start resting.
You feel sick.
You start resting.
You feel sick.
You start resting.
You feel sick. x3
Your tentacle spike disappears.
You feel sick.
You start resting.
You feel sick. x14
You are no longer poisoned.
You start resting.
Eating one of 3 chunks of flesh {@w0}.
You eat one of the 3 chunks of flesh {@w0}.
This raw flesh tastes terrible.
All of the chunks of flesh in your inventory have rotted away.
HP restored.
You start resting.
HP restored.
Done exploring.
Done exploring.
Done exploring.
Done exploring.
There is an open door here.
There is a stone staircase leading down here.
You climb downwards.
Level annotation: soepske's ghost, amateur DsBe
There is a stone staircase leading up here.
You tentacle-slap the orc but do no damage.
Your grab misses the orc.
Soepske's ghost shrieks, "You will join me soon!"
The orc hits you with a whip. The orc hits you with a whip.
You climb upwards.
There is a stone staircase leading down here.
You tentacle-slap the orc.
You kill the orc!
You see here a whip.
Done exploring.
Done exploring.
Done exploring.
Done exploring.
Unknown command.
Unknown command.
Unknown command.
Unknown command.
There is a stone staircase leading down here.
You climb downwards.
Level annotation: soepske's ghost, amateur DsBe The orc hits you.
The orc misses you. The rat barely misses you. The orc closely misses you.
The orc hits you. The orc hits you but does no damage.
The rat barely misses you.
There is a stone staircase leading up, spattered with blood here.
The orc hits you with a mace. The orc barely misses you. The orc misses you.
The rat bites you.
You climb upwards.
There is a stone staircase leading down here.
Unknown command.
Unknown command.
Unknown command.
You tentacle-slap the rat. You grab the rat.
The rat is severely wounded.
You constrict the rat.
You kill the rat!
The orc closely misses you. The orc hits you. The orc misses you.
The orc hits you with a mace. The orc hits you with a whip!
* * * LOW HITPOINT WARNING * * *
You see here a rat corpse.
Okay, then.
Casting: Beastly Appendage
Confirm with . or Enter, or press ? or * to list all spells.
You create a snake!
You now have 11 arrows.
The orc hits you with a mace!
You die...

+............####.#####
##########.#.####.#
...........#.#.##.#
.########..#.#..#.# .#
#..#.#..#.# .#
#..#.#..#.###
.########..#.#...S..#
...........#.#.##.#.#
.............)oo@.#.#
........#.##.#.####.#
.######.#.##.#.# #.# .#
#.#.##.#.# #.# .#
#.#.##.#.# #.# .#
#.#.##.#.# #.# .#
#.#.##.#.# #.# .#
#.#.##.#.# #.# .#
#.#.##.#.# #.#


You could see 2 orcs and a friendly ball python.

Vanquished Creatures
  3 adders (D:2)
  A worm (D:2)
  2 dart slugs
  3 leopard geckos
  5 orcs (D:2)
  7 giant cockroaches
  4 goblins (D:2)
  4 hobgoblins (D:1)
  A quokka (D:2)
  2 ball pythons
  2 bats (D:2)
  2 frilled lizards (D:2)
  3 kobolds
  6 rats
45 creatures vanquished.

Notes
Turn   | Place    | Note
-------+----------+-------------------------------------------
     0 | D:1      | Mgcat the Octopode Transmuter began the quest for the Orb.
     0 | D:1      | Reached XP level 1. HP: 13/13 MP: 3/3
   198 | D:1      | Reached skill level 1 in Stealth
   198 | D:1      | Reached XP level 2. HP: 16/18 MP: 3/5
   202 | D:1      | Learned a level 2 spell: Sticks to Snakes
   739 | D:2      | Found an ancient bone altar of Kikubaaqudgha.
   750 | D:2      | Reached XP level 3. HP: 23/23 MP: 6/6
   906 | D:2      | Found a glowing golden altar of the Shining One.
   913 | D:2      | Became a worshipper of the Shining One
  1063 | D:2      | Reached skill level 2 in Stealth
  1106 | D:2      | Reached skill level 2 in Fighting
  1106 | D:2      | Reached XP level 4. HP: 23/29 MP: 5/7
  1669 | D:3      | Noticed soepske's ghost (amateur DsBe)
  1814 | D:2      | HP: 7/29 [poisoned by an orc]
  1821 | D:2      | HP: 6/29 [poisoned by an orc]
  1829 | D:2      | HP: 5/29 [poisoned by an orc]
  2144 | D:2      | HP: 4/29 [orc/whip (7)]
  2146 | D:2      | Mangled by an orc

Skill      XL: |  1  2  3 |
---------------+----------+-----
Stealth        | 1 2 |  2.6
Fighting       | 2 |  2.2
Dodging        | |  2.0
Unarmed Combat | |  3.6
Spellcasting   | |  2.0
Transmutations | |  2.8

Action                   |  1- 3 |  4- 6 || total
-------------------------+-------+-------++-------
Melee: Unarmed           |    48 |    33 ||    81
       Constrict         |    12 |     8 ||    20
       Kick              |    11 |     8 ||    19
       Tentacles         |     4 |     4 ||     8
       Punch             |     1 |       ||     1
 Fire: Hunting sling     |       |     6 ||     6
 Cast: Beastly Appendage |    17 |     8 ||    25
       Sticks to Snakes  |       |     1 ||     1
  Use: Potion            |       |     2 ||     2
 Stab: Sleeping          |     8 |       ||     8
  Eat: Chunk             |     1 |     3 ||     4
Armor: Skin              |     6 |     2 ||     8
Dodge: Dodged            |    24 |    30 ||    54

Vault maps used:
D:1:      ncdulo_smallfort
D:2:      nicolae_tso_carved_into_rock, kiku_gazebo_pond_becter, first_ration,
          kennysheep_crisscross
D:3:      okawaru_trees_2, chequers_temple_overflow_minitemple, hex_large

Table legend:
 A = Turns spent in this place as a percentage of turns spent in the entire game.
 B = Non-inter-level travel turns spent in this place as a percentage of non-inter-level travel turns spent in the entire game.
 C = Inter-level travel turns spent in this place as a percentage of turns spent in this place.
 D = Turns resting spent in this place as a percentage of non-inter-level travel turns spent in this place.
 E = Turns spent auto-exploring this place as a percentage of non-inter-level travel turns spent in this place.
 F = Non-inter-level travel turns spent in this place divided by the number of levels of this place that you've seen.
                   A       B       C       D       E      F
               +-------+-------+-------+-------+-------+----------------------
         Total | 100.0 | 100.0 |   7.4 |  15.2 |  69.8 | 662.3
       Dungeon | 100.0 | 100.0 |   7.4 |  15.2 |  69.8 | 662.3
               +-------+-------+-------+-------+-------+----------------------

Table legend:
 A = Kills in this place as a percentage of kills in entire the game.
 B = Kills by you in this place as a percentage of kills by you in the entire game.
 C = Kills by friends in this place as a percentage of kills by friends in the entire game.
 D = Other kills in this place as a percentage of other kills in the entire game.
 E = Experience gained in this place as a percentage of experience gained in the entire game.
 F = Experience gained in this place divided by the number of levels of this place that you have seen.
                   A       B       C       D       E      F
               +-------+-------+-------+-------+-------+----------------------
         Total | 100.0 | 100.0 |   N/A |   N/A | 100.0 |  43.0
       Dungeon | 100.0 | 100.0 |   N/A |   N/A | 100.0 |  43.0
               +-------+-------+-------+-------+-------+----------------------
